 Dungeon Sprint DCSS version 0.28-a0-401-ge240ad9e29 (webtiles) character file.

Game seed: 17578718094137369033

63758 Zeld the Conqueror (level 14, -10/252 HPs)
             Began as a Minotaur Berserker on Sept 5, 2021.
             Was the Champion of Trog.
             Killed from afar by an ironbound thunderhulk (39 damage)
             ... with a bolt of lightning
             ... in the Dungeon (Sprint IX: "|||||||||||||||||||||||||||||").
             The game lasted 00:13:10 (8988 turns).

Zeld the Conqueror (Minotaur Berserker)             Turns: 8988, Time: 00:13:11

Health: -10/252    AC: 21    Str: 26    XL:     14   Next: 69%
Magic:  13/13      EV: 14    Int:  4    God:    Trog [******]
Gold:   1227       SH:  0    Dex: 11    Spells: 13/13 levels left

rFire   . . .      SeeInvis .   a - +7 battleaxe (vorpal)
rCold   . . .      Faith    .   (shield currently unavailable)
rNeg    . . .      Spirit   .   t - +2 plate armour
rPois   +          Reflect  .   (helmet restricted)
rElec   .          Harm     .   l - +0 cloak
rCorr   .          Rampage  .   k - +2 pair of gloves
Will    +....      NoTele   +   q - +0 pair of boots
Stlth   ..........              (no amulet)
HPRegen 0.52/turn               (no ring)
MPRegen 0.13/turn               h - ring of poison resistance

@: berserking, frozen, corroded, quick
A: horns 2, retaliatory headbutt
a: Renounce Religion, Berserk, Trog's Hand, Brothers in Arms


You were in the Dungeon.
You worshipped Trog.
Trog was exalted by your worship.
You visited 1 branch You collected 1671 gold pieces.
You spent 444 gold pieces at shops.

Inventory:

Hand Weapons
 a - a +7 vorpal battleaxe (weapon)
Armour
 k - a +2 pair of gloves (worn)
 l - a +0 cloak (worn)
 q - a +0 pair of boots (worn)
 t - a +2 plate armour (worn)
Jewellery
 h - a ring of poison resistance (right hand)
Wands
 j - a wand of acid (14)
Scrolls
 p - 4 scrolls of fog
Potions
 b - 2 potions of might
 c - 11 potions of curing
 d - 6 potions of heal wounds
 e - 2 potions of haste
 f - 4 potions of magic
 g - 2 potions of berserk rage
 i - a potion of invisibility
 r - a potion of lignification {unknown}


   Skills:
 O Level 27 Fighting
 + Level 23.4 Axes
 + Level 20.8 Armour
 + Level 19.3 Dodging


You had 13 spell levels left.
You didn't know any spells.
Your spell library was empty.

Dungeon Overview and Level Annotations

Branches:
Dungeon (1/1)

Altars:
Cheibriados
Dithmenos
Elyvilon
Fedhas
Gozag
Hepliaklqana
Kikubaaqudgha
Makhleb
Nemelex Xobeh
Okawaru
Qazlal
Ru
Sif Muna
Trog
Uskayaw
Vehumet
Wu Jian
Xom
Yredelemnul
Zin
The Shining One
Beogh
Jiyva
Lugonu

Shops:
D !=[(


Innate Abilities, Weirdness & Mutations

You have a pair of horns on your head.
You reflexively headbutt those who attack you in melee.


Message History

The entropy weaver is severely wounded.
You slice the entropy weaver!!
You kill the entropy weaver!
Trog accepts your kill.
Trog appreciates your killing of a magic user.
An ironbound convoker comes into view. It is wielding a +0 flail.
The ironbound convoker shouts!
You hear a shout!
The ironbound frostheart touches you but does no damage.
You closely miss the ironbound frostheart.
The boggart gestures wildly while chanting.
The boggart blinks!
The ironbound frostheart calls freezing cold from the walls.
The frost grips you!!!
* * * LOW HITPOINT WARNING * * *
You are encased in ice.
You slice the ironbound frostheart!! You headbutt the ironbound frostheart.
The ironbound frostheart is heavily wounded.
You slice the boggart!!
You kill the boggart!
Trog accepts your kill.
Trog appreciates your killing of a magic user.
The goblin dissolves into shadows!
Your plate armour prevents you from hitting the ironbound frostheart.
The ironbound frostheart is heavily wounded.
An ironbound thunderhulk comes into view.
It is wielding a +0 dire flail.
The ironbound frostheart touches you but does no damage.
Unknown command.
You barely miss the ironbound frostheart.
The ironbound frostheart is heavily wounded.
Unknown command.
You slice the ironbound frostheart!!
You feel the power of Trog in you as your rage grows.
You kill the ironbound frostheart!
Trog accepts your kill. Trog grants you a weapon!
Something appears at your feet!
You see here a +5 antimagic battleaxe.
Trog appreciates your killing of a magic user.
Electricity crackles from the ironbound thunderhulk's apparatus.
The bolt of lightning hits you!!!
You die...

........).)').).......=[[[[[([.))
▓▓▓▓▓▓▓▓▓▓▓▓▓▓▓▓▓▓▓▓▓▓▓▓▓▓▓▓▓▓▓▓▓
............)..............).....
▓▓▓▓▓▓▓▓▓♣♣♣♣♣♣♣♣♣♣▓▓▓▓▓▓▓▓▓▓▓▓▓▓
....†.))'........)').......)'....
▓▓▓▓▓▓▓▓▓♣♣♣♣♣♣♣♣♣♣▓▓▓▓▓▓▓▓▓▓▓▓▓▓
.....................[...........
▓▓▓▓▓▓▓▓▓▓▓▓▓▓▓▓▓▓▓▓▓▓▓▓▓▓▓▓▓▓▓▓▓
O.p.cO[@).....()...[....
▓▓▓▓▓▓▓▓▓▓▓▓▓▓▓▓▓▓▓▓▓▓▓▓


You could see 2 ironbound thunderhulks, an ironbound convoker and a yaktaur.

Vanquished Creatures
  Agnes (D)
  A fire giant (D)
  A ghost moth (D)
  A vampire knight (D)
  A very ugly thing (D)
  2 stone giants (D)
  A bunyip (D)
  Nessos (D)
  An entropy weaver (D)
  Snorg (D)
  2 ettins (D)
  A spark wasp (D)
  3 fire dragons (D)
  3 eleionomae (D)
  An ironbound thunderhulk (D)
  A salamander tyrant (D)
  2 centaur warriors (D)
  A spriggan air mage (D)
  An ironbound frostheart (D)
  A boulder beetle (D)
  A ghost crab (D)
  An anaconda (D)
  3 ice dragons (D)
  2 two-headed ogres (D)
  A tengu warrior (D)
  A merfolk aquamancer (D)
  4 orc high priests (D)
  A shock serpent (D)
  Urug (D)
  A sea snake (D)
  A harpy (D)
  An ironbound convoker (D)
  A necromancer (D)
  6 orc knights (D)
  2 ugly things (D)
  2 will-o-the-wisps (D)
  A mana viper (D)
  An orc sorcerer (D)
  4 black mambas (D)
  4 manticores (D)
  An elephant (D)
  A merfolk siren (D)
  2 cane toads (D)
  Psyche (D)
  An efreet (D)
  A komodo dragon (D)
  2 jumping spiders (D)
  A merfolk (D)
  A troll (D)
  2 tyrant leeches (D)
  A hornet (D)
  A slime creature (D)
  2 blink frogs (D)
  4 redbacks (D)
  A tarantella (D)
  A wraith (D)
  2 yaks (D)
  A vampire (D)
  A basilisk (D)
  Grum (D)
  A steam dragon (D)
  2 vampire mosquitoes (D)
  2 water moccasins (D)
  9 orc warriors (D)
  A black bear (shapeshifter) (D)
  4 wolves (D)
  A boggart (D)
  4 bullfrogs (D)
  2 orc priests (D)
  5 orc wizards (D)
  An adder (D)
  An adder zombie (D)
  6 orcs (D)
  A bat (D)
  A bat skeleton (D)
  A goblin (D)
  3 kobolds (D)
139 creatures vanquished.

Vanquished Creatures (collateral kills)
  A lich (D)
  A tengu reaver (D)
  A frost giant (D)
  A stone giant (D)
  A fire dragon (D)
  A spriggan air mage (D)
  2 hydras (D)
  A naga sharpshooter (D)
  A shock serpent (D)
  4 orc high priests (D)
  4 orc knights (D)
  An ugly thing (D)
  A black mamba (D)
  A cane toad (D)
  A gargoyle (D)
  A komodo dragon (D)
  A shadow (D)
  2 water moccasins (D)
  An orc warrior (D)
  A wolf (D)
28 creatures vanquished.

Vanquished Creatures (others)
  A hydra (D)
  A bloated husk (D)
  3 foxfires (D)
5 creatures vanquished.

Grand Total: 172 creatures vanquished

Notes
Turn   | Place    | Note
-------+----------+-------------------------------------------
     0 | D        | Zeld the Minotaur Berserker began the quest for the Orb.
     0 | D        | Reached XP level 1. HP: 19/19 MP: 0/0
    13 | D        | Reached skill level 4 in Fighting
    13 | D        | Reached ** piety under Trog
   215 | D        | Noticed an orc wizard
   222 | D        | Killed an orc wizard
   223 | D        | Reached skill level 5 in Fighting
   223 | D        | Reached skill level 5 in Axes
   223 | D        | Reached XP level 2. HP: 29/29 MP: 1/1
   223 | D        | Reached XP level 3. HP: 36/36 MP: 2/2
   225 | D        | Reached *** piety under Trog
   232 | D        | Reached skill level 6 in Fighting
   300 | D        | Found a snail-covered altar of Cheibriados.
   300 | D        | Found a shadowy altar of Dithmenos.
   300 | D        | Found a white marble altar of Elyvilon.
   300 | D        | Found a blossoming altar of Fedhas.
   300 | D        | Found an opulent altar of Gozag.
   301 | D        | Found a hazy altar of Hepliaklqana.
   302 | D        | Found a viscous altar of Jiyva.
   303 | D        | Found an ancient bone altar of Kikubaaqudgha.
   304 | D        | Found a corrupted altar of Lugonu.
   305 | D        | Found a burning altar of Makhleb.
   306 | D        | Found a sparkling altar of Nemelex Xobeh.
   307 | D        | Found an iron altar of Okawaru.
   308 | D        | Found a stormy altar of Qazlal.
   309 | D        | Found a sacrificial altar of Ru.
   310 | D        | Found a shimmering blue altar of Sif Muna.
   311 | D        | Found a bloodstained altar of Trog.
   312 | D        | Found a hide-covered altar of Uskayaw.
   313 | D        | Found a radiant altar of Vehumet.
   314 | D        | Found an ornate altar of the Wu Jian Council.
   315 | D        | Found a shimmering altar of Xom.
   316 | D        | Found a basalt altar of Yredelemnul.
   317 | D        | Found a glowing silver altar of Zin.
   318 | D        | Found a glowing golden altar of the Shining One.
   371 | D        | Noticed a shadow
   371 | D        | Noticed a gargoyle
   371 | D        | Noticed a vampire
   371 | D        | Noticed a troll
   371 | D        | Noticed a two-headed ogre
   376 | D        | Killed a two-headed ogre
   376 | D        | Reached **** piety under Trog
   377 | D        | Reached skill level 11 in Fighting
   377 | D        | Reached XP level 4. HP: 31/55 MP: 3/3
   377 | D        | Reached XP level 5. HP: 34/61 MP: 4/4
   377 | D        | Reached XP level 6. HP: 39/68 MP: 5/5
   377 | D        | Reached XP level 7. HP: 42/74 MP: 6/6
   379 | D        | Killed a troll
   380 | D        | Reached skill level 12 in Fighting
   383 | D        | Killed a vampire
   392 | D        | Killed a gargoyle
   393 | D        | Reached XP level 8. HP: 25/85 MP: 7/7
   395 | D        | Reached skill level 13 in Fighting
  1048 | D        | Noticed a boulder beetle
  1048 | D        | Noticed a two-headed ogre
  1048 | D        | Noticed a centaur warrior
  1056 | D        | Killed a centaur warrior
  1057 | D        | Reached skill level 14 in Fighting
  1057 | D        | Reached skill level 10 in Armour
  1057 | D        | Reached XP level 9. HP: 95/95 MP: 8/8
  1060 | D        | Killed a two-headed ogre
  1060 | D        | Reached ***** piety under Trog
  1061 | D        | Reached skill level 10 in Dodging
  1076 | D        | Reached skill level 15 in Fighting
  1076 | D        | Reached skill level 15 in Axes
  1080 | D        | Killed a boulder beetle
  1427 | D        | Noticed a five-headed hydra
  1427 | D        | Noticed a komodo dragon
  1427 | D        | Noticed a komodo dragon
  1427 | D        | Noticed a black mamba
  1428 | D        | Noticed a cane toad
  1431 | D        | Killed a black mamba
  1432 | D        | Reached XP level 10. HP: 107/107 MP: 9/9
  1434 | D        | Reached skill level 16 in Fighting
  1703 | D        | Killed a six-headed hydra
  1708 | D        | Killed a cane toad
  1708 | D        | Reached ****** piety under Trog
  1713 | D        | Noticed an elephant
  1721 | D        | Killed an elephant
  1826 | D        | Reached skill level 17 in Fighting
  1835 | D        | Noticed a black mamba
  1836 | D        | Identified the +4 glaive of the Equinox {flame, rElec}
                  | (Trog gifted it to you in the Dungeon)
  1836 | D        | Received a gift from Trog
  1843 | D        | Killed a black mamba
  1998 | D        | Noticed a cane toad
  2010 | D        | Reached XP level 11. HP: 117/117 MP: 10/10
  2014 | D        | Received a gift from Trog
  2025 | D        | Reached skill level 18 in Fighting
  2292 | D        | Noticed Urug
  2320 | D        | Killed Urug
  2830 | D        | Noticed Grum
  2832 | D        | Received a gift from Trog
  2839 | D        | Killed Grum
  2962 | D        | Noticed Psyche
  2966 | D        | Killed Psyche
  3178 | D        | Noticed an orc sorcerer
  3182 | D        | Received a gift from Trog
  3184 | D        | Noticed an orc knight
  3193 | D        | Killed an orc sorcerer
  3214 | D        | Killed an orc knight
  3219 | D        | Received a gift from Trog
  3512 | D        | Reached skill level 19 in Fighting
  3538 | D        | Noticed an orc knight
  3541 | D        | Killed an orc knight
  3556 | D        | Noticed an orc knight
  3558 | D        | Received a gift from Trog
  3559 | D        | Noticed an orc high priest
  3565 | D        | Noticed a soul eater
  3574 | D        | Killed an orc knight
  3598 | D        | Killed an orc high priest
  4035 | D        | Found Qeserierph's Weapon Boutique.
  4035 | D        | Noticed an orc high priest
  4035 | D        | Noticed an orc high priest
  4035 | D        | Noticed an orc knight
  4035 | D        | Noticed an orc high priest
  4035 | D        | Noticed an orc high priest
  4036 | D        | Noticed an orc high priest
  4040 | D        | Killed an orc high priest
  4041 | D        | Found Zunugedush's Armour Shop.
  4041 | D        | Noticed an orc knight
  4043 | D        | Killed an orc high priest
  4043 | D        | Received a gift from Trog
  4044 | D        | Reached skill level 15 in Armour
  4044 | D        | Noticed a sun demon
  4047 | D        | Noticed an orc knight
  4050 | D        | Killed an orc knight
  4051 | D        | Reached skill level 20 in Fighting
  4051 | D        | Found Lopneuth's Jewellery Boutique.
  4051 | D        | Noticed an orc knight
  4055 | D        | Killed an orc high priest
  4056 | D        | Reached XP level 12. HP: 47/133 MP: 11/11
  4059 | D        | Killed an orc high priest
  4059 | D        | Killed an orc high priest
  4093 | D        | Noticed an orc high priest
  4218 | D        | Killed an orc high priest
  4219 | D        | Reached skill level 21 in Fighting
  4385 | D        | Noticed an orc high priest
  4397 | D        | Killed an orc high priest
  4398 | D        | Found Povuloas's Distillery.
  4419 | D        | Bought a potion of curing for 42 gold pieces
  4419 | D        | Bought a potion of curing for 42 gold pieces
  4419 | D        | Bought a potion of curing for 42 gold pieces
  4419 | D        | Bought a potion of curing for 42 gold pieces
  4419 | D        | Bought a potion of might for 56 gold pieces
  4421 | D        | Bought a ring of poison resistance for 220 gold pieces
  4886 | D        | Noticed a centaur warrior
  4888 | D        | Received a gift from Trog
  4898 | D        | Noticed a seven-headed hydra
  4901 | D        | Noticed a fire dragon
  4903 | D        | Killed a centaur warrior
  4904 | D        | Reached skill level 15 in Dodging
  4905 | D        | Noticed a frost giant
  4909 | D        | Noticed a stone giant
  4922 | D        | Killed an eight-headed hydra
  4929 | D        | Reached skill level 22 in Fighting
  4930 | D        | Killed a fire dragon
  4933 | D        | Killed a frost giant
  4950 | D        | Killed a stone giant
  4976 | D        | Reached XP level 13. HP: 51/146 MP: 12/12
  5400 | D        | Noticed a fire dragon
  5410 | D        | Killed a fire dragon
  5617 | D        | Noticed Agnes
  5627 | D        | Killed Agnes
  5628 | D        | Reached skill level 23 in Fighting
  5948 | D        | Noticed Snorg
  5957 | D        | Killed Snorg
  5964 | D        | Noticed Nessos
  5976 | D        | Killed Nessos
  6261 | D        | Received a gift from Trog
  6396 | D        | Reached skill level 24 in Fighting
  6399 | D        | Received a gift from Trog
  6799 | D        | Killed a ghost moth
  6892 | D        | Noticed an eleionoma
  6892 | D        | Noticed an eleionoma
  6892 | D        | Noticed an eleionoma
  6892 | D        | Noticed a bunyip
  6899 | D        | Killed a bunyip
  6901 | D        | Killed an eleionoma
  6901 | D        | Received a gift from Trog
  6908 | D        | Killed an eleionoma
  6914 | D        | Killed an eleionoma
  7100 | D        | Received a gift from Trog
  7331 | D        | Reached skill level 25 in Fighting
  7348 | D        | Received a gift from Trog
  7539 | D        | Reached XP level 14. HP: 162/162 MP: 13/13
  7763 | D        | Noticed a green very ugly thing
  7764 | D        | Noticed a tengu reaver
  7775 | D        | Noticed a lich
  7780 | D        | Killed a green very ugly thing
  7786 | D        | Noticed a vampire knight
  7807 | D        | Killed a tengu reaver
  7818 | D        | Killed a lich
  7819 | D        | Reached skill level 26 in Fighting
  7841 | D        | Killed a vampire knight
  7841 | D        | Received a gift from Trog
  8444 | D        | Noticed a stone giant
  8445 | D        | Noticed a fire giant
  8451 | D        | Killed a stone giant
  8456 | D        | Killed a fire giant
  8873 | D        | Noticed a stone giant
  8882 | D        | Killed a stone giant
  8882 | D        | Received a gift from Trog
  8969 | D        | Reached skill level 27 in Fighting
  8988 | D        | Received a gift from Trog
  8988 | D        | Killed from afar by an ironbound thunderhulk

Illustrated notes

Levels and vault maps discovered:
D:        linesprint [early_d, line_temple, items_1, d_10, items_2, lair_1,
          lair_end, items_3, orc_1, orc_end, items_4, d_15, swamp_1, shoals_1,
          snake_1, spider_1, d_20, vaults_1, items_5, swamp_end, shoals_end,
          snake_end, spider_end, vaults_end, d_27, items_6, zot_1, zot_end,
          crypt_end, forest_end, elf_end, slime_end, tomb_end, abyss_end,
          pan_hell_end]

Skill      XL: |  1  2  3  4  5  6  7  8  9 10 11 12 13 14 |
---------------+-------------------------------------------+-----
Fighting       | 5 11 12 14 15 17 20 22 25 27 | 27.0
Axes           | 5 11 12 14 15 17 19 20 22 23 | 23.4
Armour         | 3 8 9 10 11 13 15 17 19 20 | 20.8
Dodging        | 3 7 8 9 10 12 13 15 17 19 | 19.3

Action                   |  1- 3 |  4- 6 |  7- 9 | 10-12 | 13-15 || total
-------------------------+-------+-------+-------+-------+-------++-------
Melee: Hand axe          |    27 |       |       |       |       ||    27
       Broad axe         |     4 |       |    46 |    52 |       ||   102
       Headbutt          |     1 |       |    15 |    29 |    40 ||    85
       Executioner's axe |       |       |       |    42 |       ||    42
       Battleaxe         |       |       |       |    79 |   201 ||   280
Invok: Berserk           |     2 |       |     2 |     5 |    10 ||    19
       Brothers in Arms  |       |       |     1 |    13 |     5 ||    19
  Use: Scroll            |       |       |     1 |     7 |     1 ||     9
       Potion            |       |       |       |       |     1 ||     1
Armor: Animal skin       |     5 |       |       |       |       ||     5
       Scale mail        |       |       |    16 |    47 |       ||    63
       Plate armour      |       |       |       |    18 |   108 ||   126
Dodge: Dodged            |    22 |       |    24 |    61 |   102 ||   209

Table legend: (Time is in decaauts)
 A = Elapsed time spent in this place.
 B = Non-inter-level travel time spent in this place.
 C = Inter-level travel time spent in this place.
 D = Time resting spent in this place.
 E = Time spent auto-exploring this place.
 F = Levels seen in this place.
 G = Mean time per level.
                   A        B        C        D        E       F      G
               +--------+--------+--------+--------+--------+-----+--------+
         Total |   9032 |   9030 |      2 |   6843 |      0 |   1 | 9032.0 |
       Dungeon |   9032 |   9030 |      2 |   6843 |      0 |   1 | 9032.0 |
               +--------+--------+--------+--------+--------+-----+--------+

Top non-repeatable levels by time:
       D: 9032 daAuts
